[Event "Titled Tuesday Blitz January 10 Early 2023"]
[White "Garcia Ramos, Daniel"]
[Black "Jimenez, Joaquin"]
[WhiteFideId "32010311"]
[BlackFideId "109860"]
[WhiteElo "2442"]
[BlackElo "2195"]
[Result "1-0"]
[Round "01"]
[TimeControl "180+2"]
[Date "2023.01.10"]
[WhiteClock "0:00:06"]
[BlackClock "0:00:25"]

1. e4 e6 2. d4 d5 3. exd5 exd5 4. Nf3 Bd6 5. c4 dxc4 6. Bxc4 Nf6 7. O-O O-O 8. Nc3 Bg4 9. h3 Bh5 10. Bg5 Nbd7 11. Re1 c6 12. Bb3 Qa5 13. Bh4 Rfe8 14. Qd3 Bg6 15. Qd2 Rad8 16. Rxe8+ Rxe8 17. Re1 Qd8 18. d5 c5 19. Ba4 Rxe1+ 20. Qxe1 a6 21. Bxd7 Qxd7 22. Bxf6 gxf6 23. Qe3 Kg7 24. a4 b5 25. axb5 axb5 26. Ne4 c4 27. Qd4 Qe7 28. Nxd6 Qxd6 29. Nd2 Qe5 30. Nf3 Qxd4 31. Nxd4 b4 32. Kf1 c3 33. bxc3 bxc3 34. Ke1 Be4 35. d6 Kf8 36. f3 Bg6 37. Nb5 c2 38. Kd2 Ke8 39. Na3 Kd7 40. Nxc2 Kxd6 41. Nd4 Kd5 42. Ke3 Bb1 43. Ne2 Ke5 44. f4+ Ke6 45. Kd4 f5 46. Nc3 Bc2 47. g3 Kf6 48. Kd5 Bb3+ 49. Kd6 Bc4 50. Nd1 Bf1 51. h4 Bd3 52. Ne3 Be4 53. Nc4 Bd3 54. Ne5 Be4 55. Nd7+ Kg6 56. Ke5 Bb1 57. Nf6 Bc2 58. Nd5 Bb1 59. Ne3 Be4 60. Nf1 Bb1 61. Ne3 Be4 62. Nc4 Bb1 63. Nb6 Kh5 64. Kf6 Kg4 65. Nd5 Kxg3 66. Kg5 Kf3 67. h5 Ba2 68. Nf6 h6+ 69. Kxh6 Kxf4 70. Kg7 Kg3 71. h6 f4 72. h7 f3 73. h8=Q f2 74. Ne4+ Kg2 75. Nxf2 Kxf2 76. Kf6 Be6 77. Qh2+ Ke3 78. Ke5 Kf3 79. Qf4+ Kg2 80. Qe3 Bg4 81. Kf4 Bh3 82. Qg3+ Kh1 83. Qxh3+ Kg1 84. Kf3 1-0


[Site "https://www.chess.com"]

[Event "Titled Tuesday Blitz January 10 Early 2023"]
[White "Balint, Vilmos"]
[Black "Tatarinov, Dmitry"]
[WhiteFideId "718050"]
[BlackFideId "24160067"]
[WhiteElo "2169"]
[BlackElo "2310"]
[Result "0-1"]
[Round "01"]
[TimeControl "180+2"]
[Date "2023.01.10"]
[WhiteClock "0:02:19"]
[BlackClock "0:02:23"]

1. e4 e5 2. Nf3 Nc6 3. Bb5 Nf6 4. O-O Nxe4 5. Re1 Nd6 6. Nxe5 Be7 7. Nxc6 dxc6 8. Bf1 O-O 9. d4 Bf5 10. c3 Qd7 11. Bd3 Rfe8 12. Bf4 Bf8 13. Bxf5 Rxe1+ 14. Qxe1 Qxf5 15. Bg3 Re8 16. Qd1 Ne4 17. Nd2 Bd6 18. Nxe4 Qxe4 19. Qd2 h6 20. Kf1 Qd5 21. b3 c5 22. Bxd6 Qxd6 23. d5 Qxh2 0-1


[Site "https://www.chess.com"]

[Event "Titled Tuesday Blitz January 10 Early 2023"]
[White "Ordekalog"]
[Black "Jiganchine, Roman"]
[BlackFideId "2603667"]
[WhiteElo "2635"]
[BlackElo "2205"]
[Result "1-0"]
[Round "01"]
[TimeControl "180+2"]
[Date "2023.01.10"]
[WhiteClock "0:01:11"]
[BlackClock "0:00:16"]

1. d4 d5 2. c4 e6 3. Nc3 Nf6 4. Bg5 c5 5. e3 cxd4 6. exd4 Be7 7. Nf3 O-O 8. Rc1 a6 9. a3 dxc4 10. Bxc4 b5 11. Ba2 Bb7 12. O-O Nbd7 13. Re1 Nb6 14. Ne5 Rc8 15. Qd3 Nfd5 16. Bb1 g6 17. Bh6 Re8 18. Qh3 Nxc3 19. Rxc3 Rxc3 20. bxc3 Qd6 21. Bc1 Bf6 22. Nxf7 Kxf7 23. Qxh7+ Bg7 24. Bxg6+ Kf8 25. Bh6 Re7 26. Qh8# 1-0


[Site "https://www.chess.com"]

[Event "Titled Tuesday Blitz January 10 Early 2023"]
[White "Kovacsy, Barnabas"]
[Black "Martinez Ramirez, Lennis"]
[WhiteFideId "769290"]
[BlackFideId "3509079"]
[WhiteElo "2245"]
[BlackElo "2426"]
[Result "1-0"]
[Round "01"]
[TimeControl "180+2"]
[Date "2023.01.10"]
[WhiteClock "0:00:15"]
[BlackClock "0:00:16"]

1. e4 c5 2. Nf3 d6 3. d4 cxd4 4. Nxd4 Nf6 5. f3 Nc6 6. c4 g6 7. Nc3 Bg7 8. Be3 O-O 9. Be2 a5 10. O-O Nd7 11. Qd2 Nc5 12. b3 Bd7 13. Rab1 f5 14. Nxc6 Bxc6 15. exf5 gxf5 16. a3 f4 17. Bf2 a4 18. b4 Nb3 19. Qd3 Bd7 20. Bd1 Bf5 21. Ne4 Kh8 22. Bxb3 axb3 23. Rxb3 e6 24. Qxd6 Bxe4 25. Qxd8 Rfxd8 26. fxe4 Rd2 27. c5 Rg8 28. Rf3 e5 29. b5 Rc8 30. Rc3 Bf8 31. a4 Re2 32. a5 Rxe4 33. a6 bxa6 34. b6 Rb4 35. c6 Bd6 36. b7 Rc7 37. Rd1 Be7 38. Ba7 Kg7 39. b8=Q Rxb8 40. Bxb8 Rc8 41. Bxe5+ Kg6 42. Bxf4 Kf5 43. Bd6 Bf6 44. Rc5+ Ke6 45. Bg3 a5 46. Rd6+ Ke7 47. Rd7+ Ke6 48. Rc7 Bd4+ 49. Kf1 Rxc7 50. Rc4 Rf7+ 51. Ke2 Bb6 52. c7 Bxc7 53. Rxc7 Rxc7 54. Bxc7 a4 55. Ba5 Kd5 56. Bc3 h5 57. Kf3 Kc4 58. Bh8 Kd5 59. Kg3 Ke4 60. Kh4 Ke3 61. Kxh5 Kf2 62. g4 Kg2 63. g5 Kxh2 64. Bf6 Kg3 65. g6 Kf3 66. g7 Ke4 67. g8=Q Kd3 68. Qa2 a3 69. Kg4 Ke4 70. Qxa3 Kd5 71. Bh4 Ke6 72. Qa5 Kf7 73. Kf5 Kg7 74. Qa7+ Kh6 75. Bg5+ Kh5 76. Qh7# 1-0


[Site "https://www.chess.com"]

[Event "Titled Tuesday Blitz January 10 Early 2023"]
[White "Sadubayev, Airat"]
[Black "Boraso, Alessio"]
[WhiteFideId "13713264"]
[BlackFideId "848077"]
[WhiteElo "2320"]
[BlackElo "2316"]
[Result "1-0"]
[Round "01"]
[TimeControl "180+2"]
[Date "2023.01.10"]
[WhiteClock "0:00:42"]
[BlackClock "0:00:03"]

1. d4 Nf6 2. c4 c5 3. d5 e6 4. Nc3 exd5 5. cxd5 d6 6. Nf3 g6 7. Nd2 a6 8. a4 Nbd7 9. e4 Qe7 10. Be2 Bg7 11. O-O O-O 12. Re1 Re8 13. Bf1 Nh5 14. Nc4 Ne5 15. Nb6 Ng4 16. h3 Nxf2 17. Kxf2 Bd4+ 18. Be3 Qh4+ 19. Kg1 Bxh3 20. Nxa8 Re5 21. Bxd4 cxd4 22. Qxd4 Rg5 23. Qf2 Ng3 24. Ne2 Bd7 25. Nxg3 Rxg3 26. Re3 1-0


[Site "https://www.chess.com"]

[Event "Titled Tuesday Blitz January 10 Early 2023"]
[White "Kalajzic, Ivan"]
[Black "Murzin, Volodar"]
[WhiteFideId "14506378"]
[BlackFideId "44155573"]
[WhiteElo "2062"]
[BlackElo "2604"]
[Result "0-1"]
[Round "01"]
[TimeControl "180+2"]
[Date "2023.01.10"]
[WhiteClock "0:00:10"]
[BlackClock "0:01:01"]

1. c4 c6 2. Nc3 d5 3. e4 dxe4 4. Nxe4 Nf6 5. Nxf6+ exf6 6. Nf3 Bg4 7. Be2 Bxf3 8. Bxf3 Bc5 9. O-O O-O 10. d3 Re8 11. Re1 Nd7 12. Be3 Bxe3 13. Rxe3 Qb6 14. Qd2 Ne5 15. Be2 Red8 16. b3 Rd4 17. Re1 Rad8 18. Bf1 Qc5 19. R1e2 b5 20. Qe1 bxc4 21. dxc4 g6 22. Qc3 Kg7 23. g3 a5 24. Re1 h5 25. h3 g5 26. Bg2 h4 27. Qc1 hxg3 28. Rxg3 Nd3 29. Rxd3 Rxd3 30. h4 Rd2 31. hxg5 Qxf2+ 0-1


[Site "https://www.chess.com"]

[Event "Titled Tuesday Blitz January 10 Early 2023"]
[White "Godzwon, Iwo"]
[Black "Mohammed, Dilshad"]
[WhiteFideId "21802483"]
[BlackFideId "5050421"]
[WhiteElo "2394"]
[BlackElo "2103"]
[Result "0-1"]
[Round "01"]
[TimeControl "180+2"]
[Date "2023.01.10"]
[WhiteClock "0:01:07"]
[BlackClock "0:00:11"]

1. e4 e5 2. Nf3 Nc6 3. Bb5 a6 4. Ba4 Nf6 5. O-O Be7 6. d3 b5 7. Bb3 d6 8. a3 O-O 9. Nc3 Be6 10. Nd5 Bxd5 11. exd5 Nb8 12. Re1 Nbd7 13. d4 e4 14. Nd2 Nb6 15. Nxe4 Nbxd5 16. Qf3 Re8 17. Bd2 c6 18. Ng3 Bf8 19. Nf5 Qd7 20. Bg5 g6 21. Nh6+ Bxh6 22. Bxh6 Rxe1+ 23. Rxe1 Re8 24. Kf1 Rxe1+ 25. Kxe1 Qe6+ 26. Qe2 Ng4 27. Bd2 Kg7 28. f3 Ngf6 29. Qxe6 fxe6 30. Ke2 Nh5 31. Bxd5 exd5 32. Bb4 Nf4+ 33. Kf2 Ne6 34. Bxd6 Kf6 35. Ke3 h5 36. Be5+ Kf5 37. g3 g5 38. h3 c5 39. c3 c4 40. Bd6 g4 41. fxg4+ hxg4 42. h4 Ng7 43. Bf8 Ne6 44. Bh6 Kg6 45. Bf4 Kf5 46. Be5 Nd8 47. Bg7 Ne6 48. Bf8 Nxf8 49. h5 Nh7 50. h6 Ng5 51. Ke2 Ke4 52. Kf2 Kd3 53. Kg2 Kc2 54. Kf2 Kxb2 55. Ke3 Kxc3 56. Kf4 Nh7 57. Kf5 Kxd4 58. Kg6 Nf8+ 59. Kf7 Nh7 60. Kg6 c3 61. Kxh7 c2 62. Kg8 c1=Q 63. h7 Qg5+ 64. Kf7 Qf5+ 65. Kg8 Qg6+ 66. Kh8 Ke5 67. a4 Kf6 0-1


[Site "https://www.chess.com"]

[Event "Titled Tuesday Blitz January 10 Early 2023"]
[White "Doluhanova, Evgeniya"]
[Black "Barria Zuniga, Daniel"]
[WhiteFideId "14112035"]
[BlackFideId "3400816"]
[WhiteElo "2275"]
[BlackElo "2341"]
[Result "1-0"]
[Round "01"]
[TimeControl "180+2"]
[Date "2023.01.10"]
[WhiteClock "0:00:09"]
[BlackClock "0:00:04"]

1. c4 g6 2. Nc3 Bg7 3. g3 c6 4. Bg2 a6 5. e4 b5 6. d3 d6 7. f4 Nf6 8. Nf3 O-O 9. O-O bxc4 10. dxc4 a5 11. Kh1 Na6 12. Be3 Nd7 13. Qe2 Nac5 14. e5 Qc7 15. Rad1 Ba6 16. Nd4 Bb7 17. Bg1 dxe5 18. fxe5 Nxe5 19. Nf5 Ne6 20. Nxg7 Kxg7 21. Rde1 f6 22. Ne4 Rad8 23. b3 c5 24. Be3 Nd4 25. Bxd4 Rxd4 26. Nc3 Bxg2+ 27. Qxg2 Qd7 28. Nd5 e6 29. Nxf6 Rxf6 30. Rxf6 Kxf6 31. Qf2+ Ke7 32. Rxe5 Qd6 33. Re2 Qc6+ 34. Kg1 Rd1+ 35. Re1 Rxe1+ 36. Qxe1 Qd6 37. Qe3 e5 38. Kf2 Ke6 39. Kf3 Qd4 40. Qe4 Qd1+ 41. Qe2 Qxe2+ 42. Kxe2 e4 43. Ke3 Ke5 44. h3 h5 45. g4 hxg4 46. hxg4 Kf6 47. Kxe4 Kg5 48. Kf3 Kf6 49. Kf4 Ke6 50. Kg5 Kf7 51. Kf4 Kf6 52. g5+ Ke6 53. Ke4 Kd6 54. Kf4 Ke6 55. Ke4 Kd6 56. a3 Ke6 57. Kf4 Kd6 58. Ke4 Ke6 59. Kd3 Ke5 60. Kc3 Kf5 61. b4 axb4+ 62. axb4 cxb4+ 63. Kxb4 Kxg5 64. c5 Kf6 65. Kb5 Ke7 66. Kb6 g5 67. c6 g4 68. c7 g3 69. c8=Q g2 70. Qc5+ 1-0


[Site "https://www.chess.com"]

[Event "Titled Tuesday Blitz January 10 Early 2023"]
[White "Barrientos, Sergio E"]
[Black "Luukkonen, Tommi"]
[WhiteFideId "4401824"]
[BlackFideId "501808"]
[WhiteElo "2479"]
[BlackElo "2292"]
[Result "1-0"]
[Round "01"]
[TimeControl "180+2"]
[Date "2023.01.10"]
[WhiteClock "0:00:55"]
[BlackClock "0:01:46"]

1. d4 c5 2. e4 cxd4 3. Nf3 Nc6 4. Nxd4 Nf6 5. Nc3 d6 6. Bc4 Qb6 7. Nb3 e6 8. Bf4 Ne5 9. Be2 a6 10. Be3 Qc7 11. f4 Nc4 12. Bxc4 Qxc4 13. Qd3 b5 14. a4 Qxd3 15. cxd3 b4 16. Ne2 d5 17. e5 Ng4 18. Bd4 a5 19. Kd2 h5 20. h3 Nh6 21. g4 Be7 22. Rhg1 O-O 23. Bc5 Bxc5 24. Nxc5 f6 25. d4 fxe5 26. dxe5 hxg4 27. hxg4 Ra7 28. Ke3 g5 29. Raf1 Raf7 30. Rf2 gxf4+ 31. Rxf4 d4+ 32. Kf3 Ba6 33. Nxa6 d3 34. Rxf7 Rxf7+ 35. Nf4 Rd7 36. Nc5 Rd4 37. Ncxd3 Nf7 38. b3 Ng5+ 39. Ke3 Re4+ 40. Kf2 Kf7 41. Rc1 Ke7 42. Rc7+ Kd8 43. Rg7 1-0


[Site "https://www.chess.com"]

[Event "Titled Tuesday Blitz January 10 Early 2023"]
[White "Ovezdurdyyeva, Jemal"]
[Black "Lewtak, Damian"]
[WhiteFideId "14001888"]
[BlackFideId "1141724"]
[WhiteElo "2078"]
[BlackElo "2381"]
[Result "0-1"]
[Round "01"]
[TimeControl "180+2"]
[Date "2023.01.10"]
[WhiteClock "0:01:33"]
[BlackClock "0:01:54"]

1. e4 g6 2. d4 Bg7 3. Nf3 d6 4. Be2 a6 5. O-O Nf6 6. c4 Nxe4 7. Nc3 Nxc3 8. bxc3 O-O 9. Bg5 h6 10. Be3 e5 11. Rb1 f5 12. g3 g5 13. c5 e4 14. Ne1 f4 15. Bd2 f3 16. Bc4+ d5 17. Bb3 Bh3 18. Qc2 Bxf1 19. Kxf1 Qd7 20. Qxe4 Nc6 21. Bxd5+ Kh8 22. Rxb7 Rae8 0-1


[Site "https://www.chess.com"]

[Event "Titled Tuesday Blitz January 10 Early 2023"]
[White "Fromm, Marius"]
[Black "Boldoo, Erdenepurev"]
[WhiteFideId "12993190"]
[BlackFideId "4901037"]
[WhiteElo "2457"]
[BlackElo "2360"]
[Result "1-0"]
[Round "01"]
[TimeControl "180+2"]
[Date "2023.01.10"]
[WhiteClock "0:00:59"]
[BlackClock "0:01:32"]

1. e4 d6 2. d4 g6 3. Nc3 Bg7 4. Be3 Nf6 5. Qd2 O-O 6. O-O-O Nbd7 7. Bh6 c5 8. Bxg7 Kxg7 9. Nf3 cxd4 10. Nxd4 Nc5 11. f3 a6 12. h4 h5 13. g4 e5 14. Nf5+ gxf5 15. gxf5 Nh7 16. Rg1+ Kh8 17. Qh6 Qf6 18. Qxh5 Rg8 19. Bc4 Bd7 20. Bxf7 Rxg1 21. Rxg1 Rf8 22. Bg6 Qg7 23. Rd1 Rf6 24. Nd5 Rf8 25. f6 Qg8 26. Ne7 1-0


[Site "https://www.chess.com"]

[Event "Titled Tuesday Blitz January 10 Early 2023"]
[White "Fernandez Siles, Luis"]
[Black "Lewicki, Miroslaw"]
[WhiteFideId "2209420"]
[BlackFideId "1113380"]
[WhiteElo "2218"]
[BlackElo "2359"]
[Result "1-0"]
[Round "01"]
[TimeControl "180+2"]
[Date "2023.01.10"]
[WhiteClock "0:00:07"]
[BlackClock "0:00:41"]

1. d4 Nf6 2. c4 e6 3. Nf3 d6 4. Nc3 g6 5. e4 Bg7 6. Be2 b6 7. O-O Bb7 8. Qc2 O-O 9. Re1 Nbd7 10. h3 h6 11. Be3 Kh7 12. Rad1 Qe7 13. Bf1 e5 14. Nd5 Nxd5 15. cxd5 exd4 16. Nxd4 Nf6 17. Bf4 Rfe8 18. Bb5 Rf8 19. Bc6 Bxc6 20. Nxc6 Qe8 21. e5 dxe5 22. Bxe5 Qd7 23. Qc3 Nh5 24. Bxg7 Nxg7 25. Re7 Qd6 26. Qe5 Qxe5 27. Nxe5 Rfe8 28. Rxe8 Rxe8 29. Nxf7 Re2 30. Rc1 Ne8 31. Kf1 Rxb2 32. Re1 Kg7 33. Re7 Kf8 34. Rd7 Rc2 35. Ne5 Rxa2 36. Nxg6+ Kg8 37. Ne7+ Kf7 38. Nc6+ Kf6 39. Re7 Nd6 40. Rxc7 a5 41. Rd7 Nc4 42. d6 Ke6 43. Rd8 Nxd6 44. Nd4+ Ke5 45. Nf3+ Kd5 46. g4 a4 47. h4 a3 48. g5 Ra1+ 49. Kg2 a2 50. g6 Rg1+ 51. Nxg1 a1=Q 52. Nf3 Qf6 53. Rg8 Nf5 54. h5 b5 55. Rb8 Kc4 56. Rc8+ Kb3 57. Rc5 b4 58. Rxf5 Qxf5 59. Nd4+ Ka3 60. Nxf5 b3 61. g7 b2 62. g8=Q b1=Q 63. Qa8+ Kb2 64. Qb8+ Kc1 65. Qxb1+ 1-0


[Site "https://www.chess.com"]

[Event "Titled Tuesday Blitz January 10 Early 2023"]
[White "Tica, Sven"]
[Black "Shtompel, Yuriy"]
[WhiteFideId "14526948"]
[BlackFideId "14168278"]
[WhiteElo "2431"]
[BlackElo "1938"]
[Result "1-0"]
[Round "01"]
[TimeControl "180+2"]
[Date "2023.01.10"]
[WhiteClock "0:02:01"]
[BlackClock "0:00:34"]

1. e4 c5 2. Nc3 d6 3. f4 Nc6 4. Nf3 g6 5. Bc4 Bg7 6. e5 dxe5 7. O-O Nh6 8. fxe5 O-O 9. d3 Bg4 10. e6 Bxe6 11. Bxe6 fxe6 12. Bxh6 Bxh6 13. Qe1 Nd4 14. Nxd4 Qxd4+ 15. Kh1 Rxf1+ 16. Qxf1 Rf8 17. Qe2 Qe3 18. Qxe3 Bxe3 19. Ne4 b6 20. g3 h6 21. Kg2 Kg7 22. Re1 Bd4 23. b3 g5 24. a4 Kg6 25. Re2 Bg7 26. Nd2 Kf6 27. Nc4 Kf5 28. h3 Rd8 29. g4+ Kg6 30. Rxe6+ Kf7 31. Re4 Rd4 32. Kf3 Rd5 33. Ne3 Rd4 34. Nf5 Rxe4 35. Kxe4 e6 36. Nd6+ Ke7 37. Nc8+ Kd7 38. Nxa7 Kd6 39. Nb5+ Kc6 40. c3 Bf6 41. d4 Bg7 42. c4 cxd4 43. Nxd4+ Kd6 44. b4 Bf8 45. c5+ bxc5 46. bxc5+ Kd7 47. c6+ Kd6 48. c7 Kxc7 49. Nxe6+ Kb6 50. Nxf8 Ka5 51. Kf5 Kxa4 52. Kg6 1-0


[Site "https://www.chess.com"]

[Event "Titled Tuesday Blitz January 10 Early 2023"]
[White "Vasques, Antonio Pedro Freixial"]
[Black "Atakhan, Abtin"]
[WhiteFideId "1908332"]
[BlackFideId "22502203"]
[WhiteElo "2214"]
[BlackElo "2422"]
[Result "0-1"]
[Round "01"]
[TimeControl "180+2"]
[Date "2023.01.10"]
[WhiteClock "0:02:12"]
[BlackClock "0:01:27"]

1. e4 c5 2. Nf3 d6 3. d4 cxd4 4. Nxd4 Nf6 5. Nc3 a6 6. Be3 e5 7. Nb3 Be7 8. f3 Be6 9. Qd2 h5 10. O-O-O Nbd7 11. Kb1 Rc8 12. g3 b5 13. f4 b4 14. Nd5 Nxd5 15. exd5 Bf5 16. Bd3 Bxd3 17. Qxd3 a5 18. Rhf1 O-O 19. Qe2 a4 20. Nc1 exf4 21. Bxf4 g6 22. Rde1 Re8 23. g4 Nf6 24. gxh5 Nxh5 25. Bh6 Bh4 26. Qxe8+ Qxe8 27. Rxe8+ Rxe8 28. Nd3 Re4 29. Bd2 b3 30. axb3 axb3 31. cxb3 Rd4 32. Kc2 Rxd5 33. b4 Ng7 34. Bc3 Nf5 35. Ra1 Nd4+ 36. Bxd4 Rxd4 37. Kc3 Bf6 38. b5 Ra4+ 39. Kb3 Rxa1 40. b6 Ra6 0-1


[Site "https://www.chess.com"]

[Event "Titled Tuesday Blitz January 10 Early 2023"]
[White "Liyanage, Ranindu Dilshan"]
[Black "Kamalidenova, Meruert"]
[WhiteFideId "9915834"]
[BlackFideId "13712802"]
[WhiteElo "2342"]
[BlackElo "2350"]
[Result "1-0"]
[Round "01"]
[TimeControl "180+2"]
[Date "2023.01.10"]
[WhiteClock "0:00:08"]
[BlackClock "0:00:23"]

1. d4 Nf6 2. Nc3 d5 3. Bf4 c5 4. e4 dxe4 5. dxc5 Qa5 6. Qd4 Nc6 7. Bb5 Bd7 8. Bxc6 Bxc6 9. b4 Qd8 10. Qc4 e6 11. Rd1 Qc8 12. Nb5 Bxb5 13. Qxb5+ Qc6 14. Qxc6+ bxc6 15. Ne2 Be7 16. Nd4 Rc8 17. c4 O-O 18. Ke2 h6 19. a3 a5 20. Rb1 axb4 21. axb4 Nd7 22. Bg3 g6 23. Rhd1 Rfd8 24. Ra1 e5 25. Nb3 Rc7 26. Ra6 Rb8 27. Na5 Rxb4 28. Nxc6 Rb2+ 29. Kf1 Bxc5 30. Ra8+ Kh7 31. Nxe5 Nb6 32. Re8 Ra7 33. Ng4 g5 34. Be5 Rxf2+ 35. Nxf2 Bxf2 36. Kxf2 Nxc4 37. Bd4 Ra2+ 38. Kg1 f5 39. Rf1 Kg6 40. Re6+ Kh5 41. Rxf5 Rd2 42. Bc5 Rd1+ 43. Rf1 Rxf1+ 44. Kxf1 Nd2+ 45. Ke2 Nb3 46. Bf2 Na5 47. Rxe4 Nc6 48. h3 Nd8 49. Re8 Nf7 50. Re6 g4 51. hxg4+ Kxg4 52. Be3 h5 53. Rg6+ Kf5 54. Rg7 Ne5 55. Rh7 Kg4 56. Kf2 Nd3+ 57. Kg1 h4 58. Bf2 1-0


[Site "https://www.chess.com"]

[Event "Titled Tuesday Blitz January 10 Early 2023"]
[White "Wilson, Elvin"]
[Black "Sattarov, Bobir"]
[WhiteFideId "2014874"]
[BlackFideId "14203081"]
[WhiteElo "2183"]
[BlackElo "2366"]
[Result "0-1"]
[Round "01"]
[TimeControl "180+2"]
[Date "2023.01.10"]
[WhiteClock "0:01:24"]
[BlackClock "0:01:39"]

1. c4 Nf6 2. g3 d5 3. cxd5 Qxd5 4. Nf3 Nc6 5. Nc3 Qh5 6. h3 e5 7. Bg2 e4 8. Nh2 Bc5 9. Qa4 O-O 10. g4 Qh4 11. O-O Re8 12. d3 h5 13. g5 Bxh3 14. gxf6 Qg3 0-1


[Site "https://www.chess.com"]

[Event "Titled Tuesday Blitz January 10 Early 2023"]
[White "Tillyaev, Ulugbek"]
[Black "Hoffmann, Asa"]
[WhiteFideId "14202441"]
[BlackFideId "2001470"]
[WhiteElo "2287"]
[BlackElo "2185"]
[Result "1-0"]
[Round "01"]
[TimeControl "180+2"]
[Date "2023.01.10"]
[WhiteClock "0:01:41"]
[BlackClock "0:01:11"]

1. e4 d6 2. d4 Nf6 3. Nc3 c6 4. f4 Qa5 5. Bd3 e5 6. dxe5 dxe5 7. Nf3 Nbd7 8. O-O Bd6 9. f5 Qc7 10. Kh1 b5 11. Qe1 a6 12. a4 b4 13. Nd1 Nc5 14. Bg5 Nfd7 15. Ne3 f6 16. Bh4 b3 17. Nc4 Nxd3 18. cxd3 Bc5 19. Qg3 O-O 20. d4 Bd6 21. Rfd1 Re8 22. Nxd6 Qxd6 23. dxe5 Qb4 24. exf6 1-0


[Site "https://www.chess.com"]

[Event "Titled Tuesday Blitz January 10 Early 2023"]
[White "Matveeva, Olga"]
[Black "McCoy, Owen"]
[WhiteFideId "24107018"]
[BlackFideId "30924502"]
[WhiteElo "2128"]
[BlackElo "2085"]
[Result "0-1"]
[Round "01"]
[TimeControl "180+2"]
[Date "2023.01.10"]
[WhiteClock "0:00:01"]
[BlackClock "0:00:03"]

1. d4 Nf6 2. c4 e6 3. g3 d5 4. Nf3 dxc4 5. Bg2 Nc6 6. O-O a6 7. e3 Rb8 8. Nfd2 e5 9. Bxc6+ bxc6 10. dxe5 Ng4 11. Nxc4 Qg5 12. Nbd2 Be6 13. Qc2 h5 14. Nf3 Qh6 15. h4 Be7 16. e4 Qg6 17. Ng5 Bxc4 18. Qxc4 Nxe5 19. Qc3 f6 20. Bf4 O-O 21. Nf3 Nxf3+ 22. Qxf3 Bd6 23. b3 Rfe8 24. Rfe1 Rb4 25. Rac1 Rbxe4 26. Rxe4 Rxe4 27. Bxd6 cxd6 28. Rxc6 Rxh4 29. Rc8+ Kh7 30. Kg2 Rd4 31. Rc6 h4 32. Rc4 Rxc4 33. bxc4 hxg3 34. fxg3 Qc2+ 35. Kh3 Qg6 36. Qd5 f5 37. c5 dxc5 38. Qxc5 Qh5+ 39. Kg2 Qe2+ 40. Kh3 Qg4+ 41. Kg2 Qe4+ 42. Kh3 Qe6 43. Kg2 Qxa2+ 44. Kh3 Qe6 45. Kg2 Kg6 46. Kf3 Qe4+ 47. Kf2 Qe6 48. Kf3 Kh6 49. Kf2 Qa2+ 50. Kf3 a5 51. Qxf5 Qb3+ 52. Kg2 Qb2+ 53. Kh3 Qb4 54. Qe6+ Kh7 55. Qf5+ Kg8 56. Qe6+ Kf8 57. Qc8+ Kf7 58. Qd7+ Kf8 59. Qc8+ Ke7 60. Qc7+ Kf6 61. Qc6+ Kg5 62. Qd5+ Kh6 63. Qe6+ g6 64. Qe3+ Kh7 65. Qa7+ Kg8 66. Qa8+ Kf7 67. Qd5+ Kg7 68. Qe5+ Kh7 69. Qc7+ Kh6 70. Qd8 a4 71. Qh4+ Qxh4+ 72. Kxh4 a3 0-1


[Site "https://www.chess.com"]

[Event "Titled Tuesday Blitz January 10 Early 2023"]
[White "Hsu, Li Yang"]
[Black "Bove, Alessandro"]
[WhiteFideId "5800080"]
[BlackFideId "814121"]
[WhiteElo "2427"]
[BlackElo "2311"]
[Result "1-0"]
[Round "01"]
[TimeControl "180+2"]
[Date "2023.01.10"]
[WhiteClock "0:01:04"]
[BlackClock "0:00:19"]

1. Nf3 Nf6 2. g3 g6 3. Bg2 Bg7 4. O-O O-O 5. d4 d5 6. c4 c6 7. cxd5 cxd5 8. Nc3 Nc6 9. Ne5 a6 10. Nxc6 bxc6 11. b3 Bf5 12. Ba3 Re8 13. Na4 Nd7 14. Rc1 Rc8 15. Qd2 e5 16. dxe5 Nxe5 17. Nc5 Nd7 18. Bb2 Bxb2 19. Qxb2 Nxc5 20. Rxc5 Qd6 21. Rfc1 Qe5 22. Qxe5 Rxe5 23. e3 Bd7 24. b4 Kf8 25. a3 Ke7 26. Ra5 Ra8 27. Bf1 Kd6 28. Rxa6 Rxa6 29. Bxa6 Re8 30. Bd3 Ra8 31. Rc3 Bh3 32. f3 Bd7 33. Kf2 f5 34. h4 h6 35. Bc2 g5 36. a4 Rb8 37. Rb3 Ke5 38. f4+ gxf4 39. gxf4+ Kd6 40. Bd3 Ke7 41. Rb1 Ra8 42. a5 Kd6 43. Ra1 c5 44. bxc5+ Kxc5 45. a6 Ra7 46. Rc1+ Kd6 47. Rg1 Bc8 48. Rg6+ Kc5 49. Rxh6 d4 50. h5 dxe3+ 51. Kxe3 Re7+ 52. Kf2 Kd4 53. Rd6+ Kc5 54. Rd8 Rc7 55. h6 Kb6 56. Rg8 Ka7 57. Rg7 1-0


[Site "https://www.chess.com"]

[Event "Titled Tuesday Blitz January 10 Early 2023"]
[White "Guimaraes, Wagner Peixoto"]
[Black "Volkov, Maksim"]
[WhiteFideId "2100940"]
[BlackFideId "54123070"]
[WhiteElo "2194"]
[BlackElo "2258"]
[Result "0-1"]
[Round "01"]
[TimeControl "180+2"]
[Date "2023.01.10"]
[WhiteClock "0:00:03"]
[BlackClock "0:00:14"]

1. Nf3 d5 2. g3 Bg4 3. Bg2 e6 4. O-O Nf6 5. c4 c6 6. d3 Nbd7 7. Nc3 Be7 8. Qb3 Nc5 9. Qc2 O-O 10. b4 Ncd7 11. a3 a5 12. Rb1 axb4 13. axb4 Bd6 14. b5 Qe7 15. bxc6 bxc6 16. Nd4 Rfc8 17. Rb7 e5 18. Nb3 Qe6 19. Bg5 dxc4 20. dxc4 Qxc4 21. Rc1 h6 22. Bxf6 Nxf6 23. Ne4 Qxc2 24. Rxc2 Nxe4 25. Bxe4 Ra6 26. Kg2 Be6 27. Nc5 Bxc5 28. Rxc5 f5 29. Re7 Bf7 30. Bxf5 Rd8 31. Rd7 Rxd7 32. Bxd7 Bd5+ 33. f3 e4 34. fxe4 Bxe4+ 35. Kf2 Kf8 36. Re5 Bd5 37. h4 Ra7 38. Bg4 Ra2 39. Bf3 Bxf3 40. Kxf3 Rc2 41. e4 Kf7 42. Ra5 Kf6 43. Kf4 Rc1 44. e5+ Ke6 45. Ra7 Rf1+ 46. Kg4 Rf7 47. Ra5 Rb7 48. Rc5 Kd7 49. Kh5 Rb5 50. Rc4 Rxe5+ 51. Kg6 Re7 52. g4 Kd6 53. g5 hxg5 54. hxg5 Kd5 55. Rc1 c5 56. Rd1+ Kc6 57. Rf1 c4 58. Rc1 Kc5 59. Ra1 c3 60. Ra8 Kc4 61. Rc8+ Kd3 62. Kh7 c2 63. g6 Kd2 64. Rd8+ Ke1 65. Rc8 Kd1 66. Rd8+ Kc1 67. Rc8 Rd7 68. Kg8 Kd1 69. Rf8 c1=Q 70. Rf7 Qc8+ 71. Kxg7 Rd8 72. Kh7 Rh8+ 73. Kg7 Qg8+ 74. Kf6 Rh6 75. Rg7 Qd8+ 76. Kf7 Qd7+ 77. Kg8 Qe8# 0-1


[Site "https://www.chess.com"]